 Dungeon Crawl Stone Soup version 0.31-a0-746-ge8284cb111 (webtiles) character file.

Game seed: 8507890040142596698

3197 Ijustatesigmund the Thaumaturge (level 9, -8/49 HPs)
             Began as a Deep Elf Fire Elementalist on Sept 14, 2023.
             Was a Follower of Cheibriados.
             Mangled by Duvessa
             ... wielding a +0 rapier
              (12 damage)
             ... on level 7 of the Dungeon.
             The game lasted 00:15:39 (9514 turns).

Ijustatesigmund the Thaumaturge (DEFE)              Turns: 9514, Time: 00:15:40

Health: -8/49      AC:  5    Str:  6    XL:     9   Next: 64%
Magic:  9/24       EV: 15    Int: 26    God:    Cheibriados [*.....]
Gold:   82         SH:  0    Dex: 21    Spells: 19/26 levels left

rFire   + . .        c - +0 rapier (spect)
rCold   x . .        (no shield)
rNeg    + . .        a - +0 robe
rPois   .            (no helmet)
rElec   .            w - +0 cloak
rCorr   .            r - +0 pair of gloves
SInv    .            u - +0 pair of boots {Fly}
Will    .....        (no amulet)
Stlth   +++          e - ring of fire
HPRegen 0.28/turn    l - ring of positive energy
MPRegen 0.19/turn

%: no passive effects
@: about to teleport, flying, very slow
A: agile 1, wild magic 1
a: Renounce Religion, Bend Time


You were on level 7 of the Dungeon.
You worshipped Cheibriados.
Cheibriados was aware of your devotion.
You visited 2 branches of the dungeon, and saw 8 of its levels.

You collected 343 gold pieces.
You spent 261 gold pieces at shops.

Inventory:

Hand Weapons
 c - a +0 spectral rapier (weapon)
Missiles
 p - a throwing net
Armour
 a - a +0 robe (worn)
 r - a +0 pair of gloves (worn)
 u - a +0 pair of boots of flying (worn)
 w - a +0 cloak (worn)
Magical Staves
 s - a staff of conjuration
Jewellery
 d - a ring of flight
 e - a ring of fire (left hand)
 l - a ring of positive energy (right hand)
Wands
 j - a wand of charming (16)
 m - a wand of flame (16)
 n - a wand of iceblast (10)
Scrolls
 f - 5 scrolls of teleportation
 q - a scroll of immolation {unknown}
 t - a scroll of enchant armour {unknown}
 v - 2 scrolls of amnesia
Potions
 b - a potion of magic
 g - 10 potions of curing
 i - a potion of attraction
 k - 5 potions of mutation
 o - a potion of enlightenment {unknown}


   Skills:
 + Level 2.4 Fighting
 - Level 4.3 Short Blades
 - Level 4.9 Dodging
 - Level 2.5 Stealth
 + Level 9.2 Spellcasting
 + Level 7.3 Conjurations
 + Level 8.1 Fire Magic
 + Level 2.4 Invocations


You had 19 spell levels left.
You knew the following spells:

 Your Spells              Type           Power      Damage    Failure   Level
a - Foxfire               Conj/Fire      100%       2x1d9     1%          1
b - Scorch                Fire           100%       2d9       1%          2
c - Flame Wave            Conj/Fire      80%        2d17      3%          4

Your spell library contained the following spells:

 Spells                   Type           Power      Damage    Failure   Level
 Magic Dart               Conj           100%       1d8       1%          1
 Searing Ray              Conj           100%       2d8       1%          2
 Inner Flame              Hex/Fire       59%        N/A       4%          3
 Volatile Blastmotes      Fire/Tloc      100%       2d18      4%          3
 Hailstorm                Conj/Ice       40%        3d10      5%          3
 Freeze                   Ice            60%        1d7       8%          1
 Necrotise                Necr           60%        1d7       8%          1
 Summon Small Mammal      Summ           60%        N/A       8%          1
 Sublimation of Blood     Necr           15%        N/A       12%         2
 Fulminant Prism          Conj/Hex       20%        3d12      16%         4
 Iskenderun's Mystic Bla  Conj/Tloc      40%        2d9       16%         4
 Call Canine Familiar     Summ           15%        N/A       22%         3
 Frozen Ramparts          Ice            30%        1d5       22%         3
 Summon Guardian Golem    Hex/Summ       15%        N/A       22%         3
 Vampiric Draining        Necr           15%        2d7       22%         3
 Irradiate                Conj/Tmut      20%        3d18      38%         5
 Olgreb's Toxic Radiance  Pois           15%        N/A       54%         4
 Petrify                  Tmut/Erth      15%        N/A       54%         4
 Agony                    Necr           15%        N/A       86%         5
 Discord                  Hex            7%         N/A       100%        8
 Ignition                 Fire           40%        3d12      100%        8


Dungeon Overview and Level Annotations

Branches:
Dungeon (7/15)             Temple (1/1) D:5

Altars:
Ashenzari
Cheibriados
Dithmenos
Elyvilon
Fedhas
Makhleb
Nemelex Xobeh
Okawaru
Qazlal
Ru
Sif Muna
Trog
Uskayaw
Vehumet
Xom
Yredelemnul
Zin
The Shining One

Shops:
D:2 :   D:3 *   D:6 [

Annotations:
D:7 Duvessa


Innate Abilities, Weirdness & Mutations

You are agile. (Dex +4, Str/Int -1)
Your spells are a little harder to cast, but a little more powerful.


Message History

Cheibriados raises the support of your attributes as your movement slows.
Duvessa screams, "No!
How DARE you!"
Duvessa goes berserk! (Press . to intensify the flame waves.)
A wave of flame ripples out!
The flame wave engulfs the bullfrog!
The bullfrog is severely wounded.
A hound comes into view.
Duvessa rages.
Unknown command.
A wave of flame ripples out!
The flame wave engulfs Duvessa!!
Duvessa is moderately wounded.
The flame wave engulfs the bullfrog!!
You kill the bullfrog!
Cheibriados thoroughly appreciates the change of pace.
You finish channelling waves of flame.
Duvessa closely misses you.
Unknown command.
Casting: Flame Wave (dangerous; 3% risk of failure)
Confirm with . or Enter, or press ? or * to list all spells.
You feel a surge of power!
Flames lash Duvessa but do no damage.
Duvessa hits you with a +0 rapier! x2
Duvessa hits you with a +0 rapier!
* * * LOW HITPOINT WARNING * * *
The hound bites you.
* * * LOW HITPOINT WARNING * * *
Unknown command.
You feel much better. Duvessa hits you with a +0 rapier!
The hound closely misses you. Duvessa misses you.
As you read the scroll of teleportation, it crumbles to dust.
You feel strangely unstable. The hound bites you.
* * * LOW HITPOINT WARNING * * *
Duvessa misses you. The hound bites you.
* * * LOW HITPOINT WARNING * * *
Unknown command.
Duvessa attacks as she pursues you! Duvessa hits you with a +0 rapier!
* * * LOW HITPOINT WARNING * * *
Duvessa barely misses you. The hound misses you.
You feel much better. Duvessa hits you with a +0 rapier!
* * * LOW HITPOINT WARNING * * *
The hound barely misses you. Duvessa hits you with a +0 rapier!
You die...

#.##..........## ......
#.............## ......
####............
......### #..####..#.##
#.......#####..##......#
#.......+......##.##.####
'.....†.#####.###.##.....
#.....)h#####^###.#....##
.......e@.......#.#)...#
##.#.########.#.#.#....#
#######...#.#....#
........###.#....##
...................
...................
####....###.##.#...
#....###.##.#..#
#....##..##.#..#


You could see Duvessa (berserk) and a hound.

Vanquished Creatures
  Pikel (D:5)
  A wyvern (D:4)
  Eustachio (D:4)
  A steam dragon (D:6)
  A water moccasin (D:7)
  3 ice beasts
  An orc warrior (D:6)
  A centaur (D:5)
  3 phantoms
  A kobold brigand (D:6)
  3 bullfrogs
  3 scorpions
  Dowan (D:7)
  9 killer bees (D:7)
  A crimson imp (D:4)
  2 hounds (D:4)
  A jelly (D:6)
  2 gnoll boudas (D:5)
  2 orc priests (D:6)
  Jessica (D:3)
  Terence (D:2)
  4 iguanas
  2 orc wizards (D:6)
  12 gnolls
  4 adders
  A shadow imp (D:5)
  2 white imps
  An ufetubus (D:5)
  3 worms
  2 dart slugs
  9 orcs
  8 ball pythons
  2 bats (D:2)
  3 endoplasms
  6 giant cockroaches
  7 goblins
  5 hobgoblins
  4 jackals (D:1)
  4 quokkas
  2 frilled lizards
  11 kobolds
  4 rats (D:1)
136 creatures vanquished.

Vanquished Creatures (others)
  269 foxfires
269 creatures vanquished.

Grand Total: 405 creatures vanquished

Notes
Turn   | Place    | Note
-------+----------+-------------------------------------------
     0 | D:1      | Ijustatesigmund the Deep Elf Fire Elementalist began the
                  | quest for the Orb.
     0 | D:1      | Reached XP level 1. HP: 10/10 MP: 6/6
    93 | D:1      | Reached XP level 2. HP: 15/15 MP: 2/8
    96 | D:1      | Learned a level 2 spell: Scorch
   592 | D:1      | Reached XP level 3. HP: 20/20 MP: 7/10
  1200 | D:2      | Found a hide-covered altar of Uskayaw.
  1262 | D:2      | Reached skill level 1 in Fighting
  1790 | D:2      | Gained mutation: Armour fits poorly on your strangely
                  | shaped body. [potion of mutation]
  1790 | D:2      | Gained mutation: You are agile. (Dex +4, Str/Int -1)
                  | [potion of mutation]
  1790 | D:2      | Gained mutation: You are strong-willed. (Will+) [potion of
                  | mutation]
  1791 | D:2      | Lost mutation: You are agile. (Dex +4, Str/Int -1) [potion
                  | of mutation]
  1791 | D:2      | Lost mutation: Armour fits poorly on your strangely shaped
                  | body. [potion of mutation]
  1791 | D:2      | Gained mutation: You are agile. (Dex +4, Str/Int -1)
                  | [potion of mutation]
  1791 | D:2      | Lost mutation: You are strong-willed. (Will+) [potion of
                  | mutation]
  1791 | D:2      | Gained mutation: Your spells are a little harder to cast,
                  | but a little more powerful. [potion of mutation]
  1956 | D:2      | Noticed Terence
  1978 | D:2      | Killed Terence
  1979 | D:2      | Reached XP level 4. HP: 6/25 MP: 1/11
  2193 | D:2      | Reached skill level 4 in Spellcasting
  2316 | D:2      | Found Ogufepsi's Book Emporium.
  2375 | D:3      | Learned a level 4 spell: Flame Wave
  2798 | D:3      | Found Jisodaim's General Store.
  2802 | D:3      | Bought 2 potions of curing for 66 gold pieces
  2846 | D:3      | Noticed a phantom
  2855 | D:3      | Killed a phantom
  2856 | D:3      | Reached XP level 5. HP: 29/29 MP: 6/13
  3288 | D:3      | Noticed Jessica
  3292 | D:3      | Killed Jessica
  3485 | D:4      | Noticed Eustachio
  3725 | D:4      | Killed Eustachio
  3726 | D:4      | Reached skill level 5 in Spellcasting
  3726 | D:4      | Reached XP level 6. HP: 34/34 MP: 7/15
  3910 | D:4      | Noticed a wyvern
  3918 | D:4      | Killed a wyvern
  3919 | D:4      | Reached skill level 5 in Fire Magic
  3919 | D:4      | Reached XP level 7. HP: 18/38 MP: 6/17
  4456 | D:4      | Reached skill level 6 in Spellcasting
  4734 | D:4      | Found a burning altar of Makhleb.
  4952 | D:5      | Entered Level 5 of the Dungeon
  4983 | D:5      | Found a staircase to the Ecumenical Temple.
  5338 | D:5      | Reached skill level 1 in Short Blades
  5600 | D:5      | Noticed Pikel
  5606 | D:5      | Killed Pikel
  5607 | D:5      | Reached skill level 7 in Spellcasting
  5607 | D:5      | Reached skill level 5 in Conjurations
  5607 | D:5      | Reached XP level 8. HP: 43/43 MP: 11/21
  6727 | D:5      | Reached skill level 8 in Spellcasting
  7133 | D:6      | Found a sacrificial altar of Ru.
  7172 | D:6      | Found a glowing silver altar of Zin.
  7318 | D:6      | Reached XP level 9. HP: 15/47 MP: 11/23
  7904 | D:6      | Found Riofiog's Antique Armour Shoppe.
  8197 | D:6      | Bought a pair of glowing boots for 195 gold pieces
  8730 | Temple   | Entered the Ecumenical Temple
  8737 | Temple   | Became a worshipper of Cheibriados the Contemplative
  9232 | D:7      | Reached skill level 1 in Invocations
  9500 | D:7      | Reached skill level 9 in Spellcasting
  9500 | D:7      | Noticed Dowan
  9503 | D:7      | Noticed Duvessa
  9506 | D:7      | Killed Dowan
  9506 | D:7      | Reached * piety under Cheibriados
  9514 | D:7      | Mangled by Duvessa

Illustrated notes

Levels and vault maps discovered:
D:1:      elethiomel_arrival_shortcut, layout_basic
D:2:      layout_basic, basic_altar, serial_shops, shop, uniq_terence
D:3:      layout_basic, serial_shops, nicolae_shop_back_alley_shop,
          saegor_snake_ambush, uniq_jessica
D:4:      layout_basic, mainiacjoe_overflow_alcove_2, minmay_fire_ice_demons,
          uniq_eustachio
D:5:      layout_basic, minmay_temple_entry_overgrown, minmay_statues_item,
          uniq_pikel
D:6:      layout_loops_ring, mainiacjoe_overflow_catch_the_wave, serial_shops,
          shop, water_maze_lemuel
D:7:      layout_basic, uniq_duvessa
Temple:   minmay_freezing_vapour_temple

Skill      XL: |  1  2  3  4  5  6  7  8  9 |
---------------+----------------------------+-----
Fighting       | 1 2 |  2.4
Conjurations   | 2 3 4 5 6 7 |  7.3
Fire Magic     | 4 5 6 7 8 |  8.1
Spellcasting   | 4 5 7 8 9 |  9.2
Dodging        | 3 4 |  4.9
Short Blades   | 2 3 4 |  4.3
Invocations    | 2 |  2.4
Stealth        | |  2.5

Action                     |  1- 3 |  4- 6 |  7- 9 || total
---------------------------+-------+-------+-------++-------
  Melee: Short sword       |     6 |       |       ||     6
         Rapier            |       |       |    21 ||    21
   Cast: Foxfire           |    64 |    33 |    67 ||   164
         Scorch            |    17 |    21 |    78 ||   116
         Flame Wave        |       |     1 |     7 ||     8
  Evoke: Wand              |       |       |     1 ||     1
    Use: Scroll            |     5 |       |     9 ||    14
         Potion            |     3 |       |     2 ||     5
 Armour: Robe              |     9 |     7 |    72 ||    88
  Dodge: Dodged            |    22 |    13 |   139 ||   174

Table legend: (Time is in decaauts)
 A = Elapsed time spent in this place.
 B = Non-inter-level travel time spent in this place.
 C = Inter-level travel time spent in this place.
 D = Time resting spent in this place.
 E = Time spent auto-exploring this place.
 F = Levels seen in this place.
 G = Mean time per level.
                   A        B        C        D        E       F      G
               +--------+--------+--------+--------+--------+-----+--------+
         Total |   9705 |   9213 |    492 |   2347 |   5805 |   8 | 1213.1 |
       Dungeon |   9691 |   9206 |    485 |   2347 |   5805 |   7 | 1384.4 |
        Temple |     13 |      7 |      6 |      0 |      0 |   1 |   13.0 |
               +--------+--------+--------+--------+--------+-----+--------+

Top non-repeatable levels by time:
     D:5: 2033 daAuts
     D:6: 1837 daAuts
     D:3: 1449 daAuts
     D:4: 1366 daAuts
     D:2: 1197 daAuts
     D:1: 1149 daAuts
     D:7: 658 daAuts
  Temple: 13 daAuts
